 Dungeon Crawl Stone Soup version 0.29-a0-241-g20d21d4356 (webtiles) character file.

Game seed: 8606146323106849125

38 Ordine the Cudgeller (level 3, 0/22 HPs)
             Began as a Tengu Warper on Mar 4, 2022.
             Slain by a gnoll
             ... wielding a +0 halberd
              (15 damage)
             ... on level 2 of the Dungeon.
             The game lasted 00:02:24 (2069 turns).

Ordine the Cudgeller (Tengu Warper)                 Turns: 2069, Time: 00:02:25

Health: 0/22       AC:  4    Str: 13    XL:     3   Next: 43%
Magic:  7/7        EV: 12    Int: 13    God:
Gold:   64         SH:  0    Dex: 13    Spells: 6/6 levels left

rFire   . . .      SeeInvis .   a - +0 mace
rCold   . . .      Faith    .   (no shield)
rNeg    . . .      Spirit   .   b - +0 leather armour
rPois   .          Reflect  .   (helmet restricted)
rElec   .          Harm     .   (no cloak)
rCorr   .          Rampage  .   l - +0 pair of gloves
Will    .....                   (boots unavailable)
Stlth   +.........              (no amulet)
HPRegen 0.07/turn               (no ring)
MPRegen 0.10/turn               (no ring)

@: no status effects
A: beak, talons 3
a: no special abilities


You were on level 2 of the Dungeon.
You visited 1 branch of the dungeon, and saw 2 of its levels.

You collected 64 gold pieces.

Inventory:

Hand Weapons
 a - a +0 mace (weapon)
Missiles
 d - 5 boomerangs of dispersal
Armour
 b - a +0 leather armour (worn)
 l - a +0 pair of gloves (worn)
Scrolls
 c - a scroll of blinking
 f - a scroll of vulnerability {unknown}
 h - a scroll of enchant weapon {unknown}
 i - 3 scrolls of fog {unknown}
Potions
 e - a potion of degeneration {unknown}
 g - a potion of might {unknown}
 j - a potion of magic {unknown}
 k - a potion of curing {unknown}
 m - 2 potions of invisibility {unknown}
 n - a potion of resistance {unknown}


   Skills:
 + Level 2.4 Fighting
 * Level 3.3 Maces & Flails
 + Level 1.7 Throwing
 - Level 1.1 Armour
 - Level 2.1 Dodging
 - Level 2.0 Spellcasting
 - Level 2.4 Translocations


You had 6 spell levels left.
You didn't know any spells.
Your spell library contained the following spells:

 Spells                   Type           Power      Damage    Failure   Level
 Blink                    Tloc           14%        N/A       19%         2
 Gell's Gravitas          Tloc           7%         N/A       36%         3
 Lesser Beckoning         Tloc           7%         N/A       36%         3
 Teleport Other           Tloc           7%         N/A       36%         3
 Manifold Assault         Tloc           7%         N/A       98%         5


Dungeon Overview and Level Annotations

Branches:
Dungeon (2/15)

Altars:


Innate Abilities, Weirdness & Mutations

You have a beak for a mouth.
You have claws for feet.


Message History

You see here a +0 whip.
There is an open door here.
You see here a +0 club.
There is an open door here.
There is an open door here.
There is an open door here.
There is an open door here.
There is an open door here.
Partly explored, can't reach some places.
Partly explored, can't reach some places.
There is an open door here.
There is an open door here.
There is an escape hatch in the floor here.
There is an open door here.
There is an open door here.
There is a stone staircase leading down here.
Partly explored, can't reach some places.
Partly explored, can't reach some places.
Partly explored, can't reach some places.
You climb downwards.
Found a stone staircase leading up.
There is a stone staircase leading up here.
A goblin comes into view. It is wielding a +0 club.
A gnoll comes into view. It is wielding a +0 halberd.
Found 13 gold pieces.
The goblin closely misses you.
You closely miss the goblin. Your kick misses the goblin.
The goblin hits you but does no damage. The goblin hits you with a +0 club.
You hit the goblin.
You kill the goblin!
A gnoll comes into view. It is wielding a +0 spear.
The gnoll shouts!
A kobold comes into view. It is wielding a +0 dagger.
A gnoll comes into view. It is wielding a +0 flail.
The gnoll hits you from afar with a +0 halberd.
The kobold shouts!
The gnoll shouts!
The gnoll closely misses you.
The gnoll hits you from afar with a +0 halberd!
Ouch! That really hurt!
You die...

# #. #### ####.####
...# #
........####.#.#...
............)......
.##.##.###@.#.#.##
#.<#....# #....#
#....<# #.g###
#..#### #..# #..
..K. #. .#gg# . #.
..$ .# #. ..#. ##
.##.#


You could see 3 gnolls and a kobold.

Vanquished Creatures
  A dart slug (D:1)
  4 bats (D:1)
  2 endoplasms (D:1)
  A giant cockroach (D:1)
  4 goblins
  4 hobgoblins (D:1)
  5 jackals (D:1)
  2 quokkas (D:1)
  3 ball pythons (D:1)
  2 frilled lizards (D:1)
  A kobold (D:1)
  4 rats (D:1)
33 creatures vanquished.

Notes
Turn   | Place    | Note
-------+----------+-------------------------------------------
     0 | D:1      | Ordine the Tengu Warper began the quest for the Orb.
     0 | D:1      | Reached XP level 1. HP: 12/12 MP: 4/4
   288 | D:1      | Reached XP level 2. HP: 10/17 MP: 6/6
   772 | D:1      | Reached skill level 3 in Maces & Flails
   982 | D:1      | Reached XP level 3. HP: 15/22 MP: 7/7
  1281 | D:1      | Found a faded altar of an unknown god.
  2069 | D:2      | Slain by a gnoll

Illustrated notes

Levels and vault maps discovered:
D:1:      heliophobic_arrival_glass_houses, layout_basic,
          hellmonk_ecumenical_altar_dog_temple
D:2:      layout_basic, basic_altar

Skill      XL: |  1  2 |
---------------+-------+-----
Maces & Flails | 3 |  3.3
Fighting       | |  2.4
Throwing       | |  1.7
Armour         | |  1.1
Dodging        | |  2.1
Spellcasting   | |  2.0
Translocations | |  2.4

Action                   || total
-------------------------++-------
Melee: Mace              ||    81
       Peck              ||    13
       Kick              ||    14
Armor: Leather armour    ||    35
Dodge: Dodged            ||    50

Table legend: (Time is in decaauts)
 A = Elapsed time spent in this place.
 B = Non-inter-level travel time spent in this place.
 C = Inter-level travel time spent in this place.
 D = Time resting spent in this place.
 E = Time spent auto-exploring this place.
 F = Levels seen in this place.
 G = Mean time per level.
                   A        B        C        D        E       F      G
               +--------+--------+--------+--------+--------+-----+--------+
         Total |   2089 |   2031 |     58 |      0 |   1810 |   2 | 1044.5 |
       Dungeon |   2089 |   2031 |     58 |      0 |   1810 |   2 | 1044.5 |
               +--------+--------+--------+--------+--------+-----+--------+

Top non-repeatable levels by time:
     D:1: 2078 daAuts
     D:2: 11 daAuts
